 Dungeon Crawl Stone Soup version 0.27.1-33-g824d729ab1 (webtiles) character file.

Game seed: 4857961416347248327

65 alasdair19 the Digger (level 4, -1/24 HPs)
             Began as a Gargoyle Earth Elementalist on Dec 17, 2021.
             Slain by a worm (10 damage)
             ... on level 2 of the Dungeon on Dec 18, 2021.
             The game lasted 00:13:44 (2276 turns).

alasdair19 the Digger (Gargoyle Earth Elementalist) Turns: 2276, Time: 00:13:45

Health: -1/24      AC:  5    Str: 11    XL:     4   Next: 14%
Magic:  7/7        EV: 11    Int: 17    God:
Gold:   71         SH:  0    Dex: 10    Spells: 3/7 levels left

rFire    . . .     SeeInvis .   e - +0 whip
rCold    . . .     Faith    .   (no shield)
rNeg     + . .     Spirit   .   b - +0 robe
rPois    ∞         Reflect  .   (no helmet)
rElec    +         Harm     .   (no cloak)
rCorr    .         Rampage  .   (no gloves)
Will     .....                  (no boots)
Stlth    ++........             a - amulet of the acrobat
HPRegen  0.08/turn              (no ring)
MPRegen  0.10/turn              (no ring)

@: no status effects
A: sickness immunity, AC +3, negative energy resistance 1, electricity
resistance, torment resistance 1, petrification resistance
a: no special abilities


You were on level 2 of the Dungeon.
You visited 1 branch of the dungeon, and saw 2 of its levels.

You collected 71 gold pieces.

Inventory:

Hand Weapons
 e - a +0 whip (weapon)
Missiles
 c - 53 stones
 h - 12 poisoned darts
Armour
 b - a +0 robe (worn)
Jewellery
 a - an amulet of the acrobat (around neck)
 j - a ring of fire
Scrolls
 f - 2 scrolls of vulnerability {unknown}
 i - a scroll of fog {unknown}
Potions
 d - a potion of resistance {unknown}
 g - a potion of haste {unknown}


   Skills:
 - Level 1.5 Dodging
 - Level 2.1 Stealth
 + Level 2.1 Spellcasting
 + Level 1.8 Transmutations
 + Level 5.1 Earth Magic


You had 3 spell levels left.
You knew the following spells:

 Your Spells              Type           Power      Damage    Failure   Level
a - Sandblast             Erth           38%        2d10      2%          1
b - Stone Arrow           Conj/Erth      20%        3d8       21%         3

Your spell library contained the following spells:

 Spells                   Type           Power      Damage    Failure   Level
 Passwall                 Tmut/Erth      10%        N/A       7%          2
 Petrify                  Tmut/Erth      13%        N/A       41%         4


Dungeon Overview and Level Annotations

Branches:
Dungeon (2/15)

Altars:


Innate Abilities, Weirdness & Mutations

You are immune to sickness and miasma.
Your stone body is resilient. (AC +3)
You are immune to poison.
You resist negative energy. (rN+)
You are resistant to electric shocks. (rElec)
You are resistant to unholy torment.
You are immune to petrification.


Message History

You kill the worm!
Unknown command.
You see here a worm corpse.
You start resting.
Magic restored.
You start resting.
HP restored.
You see here a +0 ring mail.
You now have 71 gold pieces (gained 10).
A worm comes into view.
Found a faded altar of an unknown god.
You see here 8 sling bullets.
You hit the worm.
The worm is moderately wounded.
The worm bites you.
You barely miss the worm.
The worm is moderately wounded.
The worm bites you.
You hit the worm.
The worm is moderately wounded.
You hit the worm.
The worm is heavily wounded.
The worm misses you.
You hit the worm.
The worm is heavily wounded.
The worm closely misses you.
You hit the worm.
The worm is severely wounded.
You hit the worm but do no damage.
The worm is severely wounded.
The worm closely misses you.
You barely miss the worm.
The worm is heavily wounded.
You hit the worm but do no damage.
The worm is heavily wounded.
The worm bites you.
You hit the worm.
The worm is severely wounded.
The worm bites you!
You die...

#.........÷.........##.#
#########.###.#####.#
#.# #.# .# #.# #.# ..
#.# #.# .## ####(###.###
.# #........... .#
#..........# ##
#...@....#..
#...w.......
#.§§.....#.#
#..§.......#
#..§........
##....###### ##...#
#####


You could see a worm.

Vanquished Creatures
  2 adders (D:2)
  2 dart slugs (D:1)
  2 worms (D:2)
  2 ball pythons (D:1)
  An endoplasm (D:1)
  A giant cockroach (D:1)
  3 goblins (D:1)
  7 hobgoblins
  2 jackals (D:1)
  2 quokkas (D:2)
  6 bats
  2 frilled lizards (D:1)
  2 kobolds
  3 rats
37 creatures vanquished.

Notes
Turn   | Place    | Note
-------+----------+-------------------------------------------
     0 | D:1      | alasdair19 the Gargoyle Earth Elementalist began the quest
                  | for the Orb.
     0 | D:1      | Reached XP level 1. HP: 10/10 MP: 3/3
    49 | D:1      | Reached skill level 1 in Transmutations
   154 | D:1      | Reached XP level 2. HP: 11/15 MP: 3/5
   481 | D:1      | Reached skill level 4 in Earth Magic
   783 | D:1      | Reached XP level 3. HP: 18/19 MP: 6/6
  1434 | D:2      | Learned a level 3 spell: Stone Arrow
  1891 | D:2      | Reached skill level 5 in Earth Magic
  1891 | D:2      | Reached XP level 4. HP: 24/24 MP: 5/7
  2263 | D:2      | Found a faded altar of an unknown god.
  2276 | D:2      | Slain by a worm

Illustrated notes

Levels and vault maps discovered:
D:1:      wander_arrival_estate, layout_loops_ring
D:2:      layout_loops_ring, ebering_ecumenical_altar_mist

Skill      XL: |  1  2  3 |
---------------+----------+-----
Transmutations | 1 |  1.8
Earth Magic    | 4 5 |  5.1
Dodging        | |  1.5
Stealth        | |  2.1
Spellcasting   | |  2.1

Action                   |  1- 3 |  4- 6 || total
-------------------------+-------+-------++-------
Melee: Unarmed           |    20 |       ||    20
       Whip              |    98 |    32 ||   130
 Cast: Sandblast         |    25 |     3 ||    28
 Stab: Sleeping          |     1 |     1 ||     2
Armor: Robe              |    41 |    10 ||    51
Dodge: Dodged            |    91 |    17 ||   108
